 Dungeon Sprint DCSS version 0.19-a0-1920-g83281cb (webtiles) character file.

3970 LORDOFBUTT the Severer (level 10, -1/77 HPs)
             Began as a Minotaur Fighter on Oct 24, 2016.
             Was an Initiate of Gozag.
             Slain by a seven-headed hydra (4 damage)
             ... in the Dungeon (Sprint IX: "|||||||||||||||||||||||||||||").
             The game lasted 00:03:27 (737 turns).

LORDOFBUTT the Severer (Minotaur Fighter)            Turns: 737, Time: 00:03:28

Health: -1/77      AC: 12    Str: 31    XL:     10   Next: 2%
Magic:  16/16      EV: 24    Int:  8    God:    Gozag
Gold:   1530       SH:  0    Dex: 16    Spells: 0 memorised, 9 levels left

rFire  + . .     SeeInvis .     A - +2 dire flail (crush)
rCold  + . .     Gourm    .     s - +1 scale mail
rNeg   . . .     Faith    .     (shield currently unavailable)
rPois  +         Spirit   .     (helmet restricted)
rElec  +         Reflect  .     t - +0 cloak
rCorr  +         Harm     .     (no gloves)
MR     .....     NoTele   +     (no boots)
Stlth  +.........               (no amulet)
                                r - +3 ring of intelligence
                                q - +3 ring of strength

@: mighty, agile, resistant, gold aura, very slightly contaminated
A: retaliatory headbutt, horns 2
a: Potion Petition, Call Merchant, Bribe Branch, Renounce Religion


You were in the Dungeon.
You worshipped Gozag.
Gozag was most pleased with you.
You were not hungry.

You visited 1 branch You collected 1530 gold pieces.

Inventory:

Hand Weapons
 p - a +3 war axe of freezing
 A - a +2 dire flail of crushing (weapon)
Armour
 s - a +1 scale mail (worn)
 t - a +0 cloak (worn)
Jewellery
 q - a +3 ring of strength (left hand)
 r - a +3 ring of intelligence (right hand)
 u - an uncursed ring of magical power
Wands
 o - a wand of lightning (0/15)
Scrolls
 k - 2 scrolls of blinking
 m - 3 scrolls of remove curse
 n - 2 scrolls of amnesia
 w - 2 scrolls of enchant armour
 x - a scroll of identify
 y - 2 scrolls of enchant weapon
 z - a scroll of fog
Potions
 a - 2 potions of brilliance
 b - a potion of cure mutation
 d - a potion of might
 e - 6 potions of curing
 h - a potion of haste
 i - 4 potions of magic
 j - a potion of berserk rage
 l - a potion of invisibility
 v - a potion of flight
Comestibles
 f - a bread ration


   Skills:
 - Level 3.6 Fighting
 * Level 16.9 Axes
 + Level 12.9 Armour
 + Level 11.5 Dodging
   Level 3.6 Shields
 + Level 9.3 Evocations


You had 9 spell levels left.
You didn't know any spells.

Dungeon Overview and Level Annotations

Branches:
Dungeon (1/1)

Altars:
Cheibriados
Dithmenos
Elyvilon
Fedhas
Gozag
Hepliaklqana
Kikubaaqudgha
Makhleb
Nemelex Xobeh
Okawaru
Qazlal
Ru
Sif Muna
Trog
Uskayaw
Vehumet
Xom
Yredelemnul
Zin
The Shining One
Beogh
Jiyva
Lugonu


Innate Abilities, Weirdness & Mutations

You reflexively headbutt those who attack you in melee.
You have a pair of horns on your head.


Message History

The seven-headed hydra bites you.
* * * LOW HITPOINT WARNING * * *
The seven-headed hydra bites you.
* * * LOW HITPOINT WARNING * * *
The seven-headed hydra bites you.
* * * LOW HITPOINT WARNING * * *
The seven-headed hydra barely misses you.
The seven-headed hydra bites you but does no damage.
The seven-headed hydra misses you.
The seven-headed hydra closely misses you.
You bludgeon the seven-headed hydra!! You headbutt the seven-headed hydra!
The seven-headed hydra is severely wounded.
The seven-headed hydra bites you but does no damage.
The seven-headed hydra misses you.
The seven-headed hydra bites you but does no damage.
The seven-headed hydra misses you.
The seven-headed hydra barely misses you.
The seven-headed hydra bites you.
You die...
Your body crumbles into a pile of gold.

▓▓▓▓▓
▓...▓
▓.▓.▓
▓'▓.▓
▓.▓.▓
▓.▓.▓
▓.▓.▓
▓.▓)▓
▓.▓@▓
▓.▓D▓
▓)▓.▓
▓.▓.▓
$
▓.▓.▓
$
▓.▓.▓
$
▓.▓.▓
$
▓[▓.▓
$
▓.▓.▓


You could see a seven-headed hydra.

Vanquished Creatures
  Harold (D)
  A hydra (D)
  A centaur warrior (D)
  A hill giant (D)
  A manticore (D)
  A troll (D)
  A hippogriff (D)
  A yak (D)
  A porcupine (D)
  An orc warrior (D)
  A sky beast (D)
  A phantom (D)
  A crocodile (D)
  A bullfrog (D)
  A wight (D)
  A crimson imp (D)
  An adder zombie (D)
  2 dart slugs (D)
  2 orcs (D)
  2 bats (D)
  A bat skeleton (D)
  A ball python zombie (D)
  2 frilled lizards (D)
  A jackal zombie (D)
28 creatures vanquished.

Notes
Turn   | Place    | Note
-------+----------+-------------------------------------------
     0 | D        | LORDOFBUTT the Minotaur Fighter began the quest for the Orb.
     0 | D        | Reached XP level 1. HP: 19/19 MP: 0/0
     5 | D        | Reached skill level 3 in Axes
     5 | D        | Reached skill level 1 in Dodging
    11 | D        | Reached skill level 4 in Axes
    17 | D        | Reached XP level 2. HP: 25/26 MP: 1/1
    19 | D        | Noticed a crimson imp
    33 | D        | Killed a crimson imp
    33 | D        | Reached skill level 6 in Axes
    33 | D        | Reached skill level 5 in Armour
    33 | D        | Reached XP level 3. HP: 23/31 MP: 2/2
    39 | D        | Found a roughly hewn altar of Beogh.
    39 | D        | Found a snail-covered altar of Cheibriados.
    39 | D        | Found a shadowy altar of Dithmenos.
    39 | D        | Found a white marble altar of Elyvilon.
    39 | D        | Found a blossoming altar of Fedhas.
    39 | D        | Found an opulent altar of Gozag.
    40 | D        | Found a hazy altar of Hepliaklqana.
    41 | D        | Found a viscous altar of Jiyva.
    42 | D        | Found an ancient bone altar of Kikubaaqudgha.
    43 | D        | Found a corrupted altar of Lugonu.
    44 | D        | Found a burning altar of Makhleb.
    45 | D        | Found a sparkling altar of Nemelex Xobeh.
    46 | D        | Found an iron altar of Okawaru.
    47 | D        | Became a worshipper of Gozag Ym Sagoz the Greedy
    48 | D        | Found a stormy altar of Qazlal.
    49 | D        | Found a sacrificial altar of Ru.
    50 | D        | Found a deep blue altar of Sif Muna.
    51 | D        | Found a bloodstained altar of Trog.
    52 | D        | Found a hide-covered altar of Uskayaw.
    53 | D        | Found a radiant altar of Vehumet.
    54 | D        | Found a shimmering altar of Xom.
   109 | D        | Found a basalt altar of Yredelemnul.
   110 | D        | Found a glowing silver altar of Zin.
   111 | D        | Found a glowing golden altar of the Shining One.
   171 | D        | Noticed a phantom
   171 | D        | Noticed an orc warrior
   171 | D        | Noticed a crocodile
   175 | D        | Killed a crocodile
   175 | D        | Reached skill level 8 in Axes
   175 | D        | Reached XP level 4. HP: 32/39 MP: 2/4
   182 | D        | Killed an orc warrior
   182 | D        | Reached skill level 9 in Axes
   182 | D        | Reached skill level 5 in Dodging
   182 | D        | Reached XP level 5. HP: 34/45 MP: 2/6
   186 | D        | Killed a phantom
   186 | D        | Reached skill level 10 in Axes
   186 | D        | Reached XP level 6. HP: 30/51 MP: 3/8
   213 | D        | Noticed a manticore
   213 | D        | Noticed a troll
   213 | D        | Noticed a hill giant
   213 | D        | Noticed a sky beast
   213 | D        | Noticed a centaur warrior
   221 | D        | Killed a centaur warrior
   221 | D        | Reached skill level 13 in Axes
   221 | D        | Reached skill level 10 in Armour
   221 | D        | Reached XP level 7. HP: 29/57 MP: 7/10
   226 | D        | Killed a hill giant
   226 | D        | Reached skill level 14 in Axes
   226 | D        | Reached XP level 8. HP: 35/64 MP: 7/12
   245 | D        | Killed a troll
   249 | D        | Killed a manticore
   249 | D        | Reached skill level 15 in Axes
   249 | D        | Reached skill level 10 in Dodging
   249 | D        | Reached XP level 9. HP: 30/70 MP: 10/13
   450 | D        | Noticed Harold
   466 | D        | Killed Harold
   466 | D        | Reached skill level 16 in Axes
   563 | D        | Noticed a black mamba
   563 | D        | Noticed a four-headed hydra
   570 | D        | Noticed a seven-headed hydra
   725 | D        | Killed a four-headed hydra
   725 | D        | Reached XP level 10. HP: 24/77 MP: 14/16
   736 | D        | HP: 3/77 [seven-headed hydra (5)]
   737 | D        | Slain by a seven-headed hydra

Vault maps used:
D:        linesprint

Skill      XL: |  1  2  3  4  5  6  7  8  9 |
---------------+----------------------------+-----
Axes           | 4 6 8 9 10 13 14 15 16 | 16.9
Armour         | 4 5 6 7 8 10 11 12 | 12.9
Dodging        | 1 3 4 5 6 8 9 10 11 | 11.5
Evocations     | 2 3 4 6 7 9 |  9.3
Fighting       | |  3.6
Shields        | |  3.6

Action                   |  1- 3 |  4- 6 |  7- 9 | 10-12 || total
-------------------------+-------+-------+-------+-------++-------
Melee: War axe           |    26 |    24 |    37 |       ||    87
       Headbutt          |     4 |     6 |    12 |     2 ||    24
       Dire flail        |       |       |     8 |     4 ||    12
Invok: Potion Petition   |       |       |       |     1 ||     1
Evoke: Wand              |       |       |     7 |       ||     7
  Use: Potion            |       |       |     4 |       ||     4
       Scroll            |       |       |     1 |       ||     1
Armor: Scale mail        |    11 |     6 |    26 |     6 ||    49
Dodge: Dodged            |     7 |     5 |    32 |    14 ||    58
Block: Shield            |    11 |    13 |    14 |       ||    38
